 Dungeon Crawl Stone Soup version 0.27-a0-54-g64bdb92e38 (webtiles) character file.

Game seed: 14884943537975681756

970 kae the Ruffian (level 7, -8/55 HPs)
             Began as a Demonspawn Gladiator on Jan 7, 2021.
             Splashed by a jelly's acid (10 damage)
             ... on level 5 of the Dungeon.
             The game lasted 00:04:43 (6523 turns).

kae the Ruffian (Demonspawn Gladiator)              Turns: 6523, Time: 00:04:43

Health: -8/55      AC:  1    Str: 22    XL:     7   Next: 94%
Magic:  7/7        EV: 16    Int: 10    God:
Gold:   309        SH:  0    Dex: 14    Spells: 6/6 levels left

rFire    . . .     SeeInvis .     - Unarmed
rCold    + . .     Faith    .   (no shield)
rNeg     . . .     Spirit   .   a - +0 leather armour
rPois    .         Reflect  .   b - +0 helmet
rElec    .         Harm     .   n - +0 cloak (curse)
rCorr    .         Rampage  .   (no gloves)
Will     .....                  (no boots)
Stlth    +.........             (no amulet)
HPRegen  0.18/turn              e - ring of protection from cold
MPRegen  0.10/turn              i - +6 ring of strength

@: corroded
A: repulsion field 1, foul stench 1, miasma immunity
a: no special abilities


You were on level 5 of the Dungeon.
You visited 1 branch of the dungeon, and saw 5 of its levels.
You also visited: Ossuary.

You collected 309 gold pieces.

Inventory:

Hand Weapons
 f - a +1 whip
Missiles
 c - 3 throwing nets (quivered)
Armour
 a - a +0 leather armour (worn)
 b - a +0 helmet (worn)
 n - a cursed +0 cloak (worn)
Jewellery
 e - a ring of protection from cold (left hand)
 i - a +6 ring of strength (right hand)
Wands
 o - a wand of random effects (18)
 u - a wand of paralysis (12)
Scrolls
 d - 5 scrolls of teleportation
 g - a scroll of immolation {unknown}
 h - a scroll of enchant weapon
 l - 3 scrolls of identify
 m - 2 scrolls of remove curse
 s - a scroll of fear {unknown}
Potions
 j - 2 potions of heal wounds
 k - a potion of haste
 p - a potion of brilliance {unknown}
 q - a potion of attraction {unknown}
 r - 2 potions of curing
 t - a potion of flight {unknown}
 v - a potion of mutation {unknown}


   Skills:
 + Level 4.9 Fighting
 - Level 1.7 Throwing
 + Level 4.7 Dodging
 * Level 6.6 Unarmed Combat


You had 6 spell levels left.
You didn't know any spells.
Your spell library was empty.

Dungeon Overview and Level Annotations

Branches:
Dungeon (5/15)            Ossuary (visited)
 Temple: D:4-7

Altars:
Ashenzari
Hepliaklqana
Nemelex Xobeh
Okawaru


Innate Abilities, Weirdness & Mutations

You are surrounded by a mild repulsion field. (EV +2)
You may emit foul miasma when damaged in melee.
You are immune to miasma.


Message History

* * * LOW HITPOINT WARNING * * *
The jelly is almost dead.
The jelly barely misses you.
You barely miss the jelly.
The jelly is almost dead.
The jelly closely misses you.
You hit the jelly but do no damage.
Your hands burn!
* * * LOW HITPOINT WARNING * * *
The jelly is almost dead.
The jelly hits you.
* * * LOW HITPOINT WARNING * * *
You are splashed with acid!
* * * LOW HITPOINT WARNING * * *
You hit the jelly but do no damage.
Your hands burn!
* * * LOW HITPOINT WARNING * * *
The jelly is almost dead.
The jelly hits you.
* * * LOW HITPOINT WARNING * * *
You are splashed with acid!
You die...

#...# #...# #...#
+...# +...# #)..#
#...#
#..###########...#
#....!J@.........#
#................#
#..........<.....#
############+#####


You could see a jelly (sick).

Vanquished Creatures
  An ice beast (D:3)
  An ogre (D:4)
  An elf zombie (Ossuary)
  2 scorpions
  2 centaur zombies (Ossuary)
  3 hounds
  Natasha (thrice) (D:1)
  4 worker ants (D:4)
  2 hound zombies (Ossuary)
  3 mummies (Ossuary)
  3 gnolls (D:3)
  8 adders
  A river rat (D:4)
  An ooze (D:3)
  2 adder zombies (Ossuary)
  4 worms
  A dart slug (D:1)
  5 leopard geckos
  5 orcs
  11 bats
  2 giant cockroaches
  2 gnoll zombies (Ossuary)
  3 goblins
  11 hobgoblins
  2 jackals (D:1)
  12 kobolds
  A quokka (D:3)
  8 frilled lizards
  4 goblin zombies (Ossuary)
  3 hobgoblin zombies (Ossuary)
  A jackal skeleton (D:4)
  4 jackal zombies (Ossuary)
  3 kobold zombies (Ossuary)
  A leopard gecko zombie (D:4)
  An orc zombie (Ossuary)
  5 quokka zombies (Ossuary)
  6 rats
  3 rat zombies (Ossuary)
135 creatures vanquished.

Notes
Turn   | Place    | Note
-------+----------+-------------------------------------------
     0 | D:1      | kae the Demonspawn Gladiator began the quest for the Orb.
     0 | D:1      | Reached XP level 1. HP: 16/16 MP: 1/1
   273 | D:1      | Reached skill level 3 in Unarmed Combat
   282 | D:1      | Gained mutation: You are surrounded by a mild repulsion
                  | field. (EV +2) [demonic ancestry]
   282 | D:1      | Reached XP level 2. HP: 15/22 MP: 2/2
  1093 | D:1      | Gained mutation: You are immune to miasma. [demonic
                  | ancestry]
  1093 | D:1      | Reached XP level 3. HP: 20/28 MP: 3/3
  1382 | D:2      | Noticed Natasha
  1870 | D:1      | Killed Natasha
  1973 | D:1      | Noticed Natasha
  2088 | D:1      | Killed Natasha
  2089 | D:1      | Gained mutation: You may emit foul miasma when damaged in
                  | melee. [demonic ancestry]
  2089 | D:1      | Reached XP level 4. HP: 26/34 MP: 4/4
  2358 | D:1      | Noticed Natasha
  2369 | D:1      | Killed Natasha
  2370 | D:1      | Reached skill level 4 in Unarmed Combat
  2879 | D:2      | Reached XP level 5. HP: 28/41 MP: 5/5
  3204 | D:2      | You fall into a shaft and drop 1 floor!
  3369 | D:3      | Noticed an ice beast
  3396 | D:3      | Killed an ice beast
  3397 | D:3      | Reached XP level 6. HP: 47/47 MP: 6/6
  3554 | D:3      | Found a sparkling altar of Nemelex Xobeh.
  3697 | D:3      | Reached skill level 5 in Unarmed Combat
  4076 | D:3      | Found a sparkling altar of Nemelex Xobeh.
  4093 | D:3      | Found a broken altar of Ashenzari.
  4557 | D:3      | Found a hazy altar of Hepliaklqana.
  4824 | D:4      | Reached XP level 7. HP: 27/54 MP: 7/7
  4852 | D:4      | Found a sand-covered staircase.
  4857 | Ossuary  | Entered an ossuary
  5425 | Ossuary  | Reached skill level 6 in Unarmed Combat
  5839 | D:4      | Found an iron altar of Okawaru.
  6499 | D:5      | Entered Level 5 of the Dungeon
  6523 | D:5      | HP: 2/55 [jelly (1)]
  6523 | D:5      | Splashed by a jelly's acid

Illustrated notes

Levels and vault maps discovered:
D:1:      zaba_arrival_water, layout_loops_ring
D:2:      layout_rooms, uniq_natasha
D:3:      layout_loops_ring, overflow_temple_1_default, ashenzari_altar_1,
          nzn_hepliaklqana_mist_gate, nemelex_xobeh_ov_fountains_minmay
D:4:      minmay_recursive_quarters, layout_basic,
          nicolae_ossuary_entry_false_entrances, cheibrodos_sewer_entry_sluice,
          okawaru_metal_pillars_3
D:5:      layout_basic, nicolae_overflow_crystal_walls

Skill      XL: |  1  2  3  4  5  6  7 |
---------------+----------------------+-----
Unarmed Combat | 3 4 5 6 |  6.6
Dodging        | 3 4 |  4.7
Fighting       | 3 4 |  4.9
Throwing       | |  1.7

Action                   |  1- 3 |  4- 6 |  7- 9 || total
-------------------------+-------+-------+-------++-------
Melee: Unarmed           |    25 |    22 |   251 ||   298
       Whip              |   129 |   266 |       ||   395
       Punch             |     1 |     6 |     7 ||    14
  Use: Scroll            |     2 |     5 |       ||     7
       Potion            |     1 |     4 |     1 ||     6
 Stab: Sleeping          |       |     1 |       ||     1
Armor: Leather armour    |    51 |    42 |    50 ||   143
       Skin              |       |    14 |       ||    14
Dodge: Dodged            |   126 |   204 |   145 ||   475

Table legend: (Time is in decaauts)
 A = Elapsed time spent in this place.
 B = Non-inter-level travel time spent in this place.
 C = Inter-level travel time spent in this place.
 D = Time resting spent in this place.
 E = Time spent auto-exploring this place.
 F = Levels seen in this place.
 G = Mean time per level.
                   A        B        C        D        E       F      G
               +--------+--------+--------+--------+--------+-----+--------+
         Total |   6543 |   6303 |    240 |    211 |   4891 |   6 | 1090.5 |
       Dungeon |   5872 |   5632 |    240 |    211 |   4430 |   5 | 1174.4 |
       Ossuary |    671 |    671 |      0 |      0 |    461 |   1 |  671.0 |
               +--------+--------+--------+--------+--------+-----+--------+

Top non-repeatable levels by time:
     D:1: 2692 daAuts
     D:3: 1420 daAuts
     D:4: 1024 daAuts
     D:2: 712 daAuts
 Ossuary: 671 daAuts
     D:5: 22 daAuts
